 Seeded DCSS version 0.28-a0-1182-g381e24db82 (webtiles) character file.

Game seed: 12130800008223909736 (custom seed)

7042 croobank the Cleaver (level 10, -8/90 HPs)
             Began as a Minotaur Berserker on Dec 16, 2021.
             Was an Elder of Trog.
             Mangled by a yak (10 damage)
             ... on level 10 of the Dungeon.
             The game lasted 00:43:50 (6544 turns).

croobank the Cleaver (Minotaur Berserker)           Turns: 6544, Time: 00:43:51

Health: -8/90      AC: 12    Str: 33    XL:     10   Next: 83%
Magic:  9/9        EV: 10    Int:  4    God:    Trog [****..]
Gold:   208        SH:  0    Dex:  9    Spells: 9/9 levels left

rFire   + + .      SeeInvis +   k - +6 battleaxe of the Blowfly {vorpal, +Blink rF+ Str+6 SInv}
rCold   + . .      Faith    .   (shield currently unavailable)
rNeg    . . .      Spirit   .   o - +0 chain mail
rPois   .          Reflect  .   (helmet restricted)
rElec   .          Harm     .   R - scarf {rC+ rF+}
rCorr   .          Rampage  .   (no gloves)
Will    .....                   (no boots)
Stlth   ..........              d - amulet of regeneration
HPRegen 1.05/turn               (no ring)
MPRegen 0.11/turn               (no ring)

@: no status effects
A: horns 2, retaliatory headbutt, mutation resistance 1, wild magic 1
a: Renounce Religion, Evoke Blink, Berserk, Trog's Hand, Brothers in Arms


You were on level 10 of the Dungeon.
You worshipped Trog.
Trog was greatly pleased with you.
You visited 1 branch of the dungeon, and saw 10 of its levels.

You collected 1713 gold pieces.
You spent 1505 gold pieces at shops.

Inventory:

Hand Weapons
 a - the +8 war axe of Uxzaprie {spect, rPois rN++ Dex-2}
   (You bought it in a shop on level 6 of the Dungeon)

   When its wielder attacks, the weapon's spirit leaps out and strikes again.
   The spirit shares a part of any damage it takes with its wielder.
   Dex:       It affects your dexterity (-2).
   rPois:     It protects you from poison.
   rN:        It greatly protects you from negative energy.
 b - a +0 vorpal hunting sling
 i - a +0 long sword {teleport}
 k - the +6 battleaxe of the Blowfly (weapon) {vorpal, +Blink rF+ Str+6 SInv}
   (You acquired it on level 9 of the Dungeon)

   It inflicts extra damage upon your enemies.
   Str:       It affects your strength (+6).
   rF:        It protects you from fire.
   SInv:      It lets you see invisible.
   +Blink:    It lets you blink.
 v - a +2 short sword of speed
 C - a +2 long sword of flaming
 J - a +5 short sword
 Q - a +3 war axe of draining
Missiles
 c - 10 poisoned darts
 e - 2 atropa-tipped darts
 m - 124 stones
 r - 26 sling bullets
 t - a throwing net
 u - 3 curare-tipped darts (quivered)
Armour
 o - a +0 chain mail (worn)
 D - +0 acid dragon scales
 N - +0 steam dragon scales
 R - a scarf of resistance (worn)
Jewellery
 d - an amulet of regeneration (around neck)
 h - a ring of fire
 P - an amulet of faith
Wands
 w - a wand of polymorph (9)
 z - a wand of iceblast (6)
 B - a wand of paralysis (8)
 O - a wand of mindburst (7)
Scrolls
 f - 10 scrolls of identify {identify}
 j - 2 scrolls of acquirement {acquirement}
 n - 3 scrolls of enchant armour {enchant armour, unknown}
 p - a scroll of summoning {summoning, unknown}
 q - 3 scrolls of immolation {immolation, unknown}
 s - 3 scrolls of holy word {holy word, unknown}
 x - 3 scrolls of teleportation {teleport, unknown}
 y - 2 scrolls of fog {fog, unknown}
 F - a scroll of silence {silence, unknown}
 I - 3 scrolls of amnesia {amnesia, unknown}
Potions
 g - 2 potions of flight {flight, unknown}
 l - a potion of berserk rage {berzerk rage, unknown}
 A - a potion of attraction {attraction, unknown}
 E - 2 potions of mutation {mutation}
 G - a potion of might {might, unknown}
 H - a potion of magic {magic, unknown}
 K - a potion of experience {experience, unknown}
 L - a potion of brilliance {brilliance, unknown}
 M - 2 potions of curing {curing, unknown}


   Skills:
 + Level 8.9 Fighting
 * Level 5.0 Long Blades
 + Level 12.5 Axes
 + Level 3.2 Throwing
 + Level 11.3 Armour
 + Level 3.8 Dodging
 + Level 1.9 Stealth
 + Level 0.2 Evocations


You had 9 spell levels left.
You didn't know any spells.
Your spell library was empty.

Dungeon Overview and Level Annotations

Branches:
Dungeon (10/15)            Temple (0/1) D:4
   Lair: D:8-11         Orc: D:9-12

Altars:
Elyvilon
Ru
Sif Muna

Shops:
D:6 =*[(   D:7 **(   D:9 *


Innate Abilities, Weirdness & Mutations

You have a pair of horns on your head.
You reflexively headbutt those who attack you in melee.
You are somewhat resistant to further mutation.
Your spells are a little harder to cast, but a little more powerful.


Message History

You hit the wyvern.
The wyvern is almost dead.
You hit the bullfrog.
The wyvern bites you but does no damage.
The bullfrog snags a nearby baby bat with its tongue.
The bullfrog hits you but does no damage.
The wyvern bites you!
The bullfrog hits you but does no damage.
You barely miss the wyvern.
The wyvern is almost dead.
You slice the bullfrog!!
You kill the bullfrog!
Trog accepts your kill.
You closely miss the water moccasin.
The water moccasin bites you but does no damage.
The wyvern bites you! The water moccasin bites you.
You hit the wyvern but do no damage.
The wyvern is almost dead.
You miss the water moccasin.
The wyvern bites you but does no damage.
The water moccasin barely misses you. The wyvern bites you.
You barely miss the wyvern. You headbutt the wyvern.
You kill the wyvern!
Trog accepts your kill.
You slice the water moccasin!!
You kill the water moccasin!
Trog accepts your kill.
You hit the komodo dragon but do no damage.
The komodo dragon bites you!!
Your Long Blades skill increases to level 5!
You slice the yak!!
The yak is heavily wounded.
You slice the komodo dragon!! The komodo dragon bites you!
* * * LOW HITPOINT WARNING * * *
The yak gores you but does no damage.
There is an escape hatch in the ceiling here.
The komodo dragon bites you!!
* * * LOW HITPOINT WARNING * * *
The yak gores you!
You die...

P....# #...# PP....###
#.### PPP....P# #.#
PPP.....## ##'######
.P.......## #.......#
.P........####.......#
............##.h.....#
P..PPP.......Y.Y(....+
....PPPP..####.l@....#
..P.P..P..# #.......#
...P..P...# ##+######
.PP..P.P### P..PP.###
P...##


You could see a komodo dragon, 2 yaks and a black bear.

Vanquished Creatures
  Pikel (D:8)
  Maggie (D:7)
  A troll (D:8)
  Sigmund (D:5)
  Eustachio (D:6)
  A wyvern (D:10)
  15 yaks
  4 steam dragons
  Pargi (D:3)
  A water moccasin (D:10)
  An ice beast (D:7)
  An orc warrior (D:9)
  4 sky beasts
  3 black bears
  A necrophage (D:6)
  2 centaurs
  4 lemures (D:8)
  4 bullfrogs
  A wyvern zombie (D:8)
  A gnoll sergeant (D:7)
  3 wights (D:7)
  A howler monkey (D:9)
  4 hounds
  2 jellies (D:6)
  A bullfrog skeleton (D:6)
  5 orc priests
  3 gnoll shamans
  Jessica (D:3)
  An iguana (D:6)
  4 orc wizards
  A hound zombie (D:5)
  A howler monkey zombie (D:9)
  A howler monkey skeleton (D:7)
  29 gnolls
  4 adders
  A shadow imp (D:5)
  A white imp (D:6)
  An ufetubus (D:5)
  An adder zombie (D:5)
  2 worms
  4 dart slugs
  13 orcs
  3 endoplasms (D:1)
  2 giant cockroaches
  4 goblins
  5 hobgoblins
  3 quokkas
  2 ball pythons (D:2)
  3 bats
  2 frilled lizards
  4 kobolds
  3 rats
164 creatures vanquished.

Vanquished Creatures (collateral kills)
  A yak (D:8)
1 creature vanquished.

Vanquished Creatures (others)
  2 orcs (D:9)
  29 fungi (D:10)
  33 plants
64 creatures vanquished.

Grand Total: 229 creatures vanquished

Notes
Turn   | Place    | Note
-------+----------+-------------------------------------------
     0 | D:1      | croobank the Minotaur Berserker began the quest for the
                  | Orb.
     0 | D:1      | Reached XP level 1. HP: 19/19 MP: 0/0
   150 | D:1      | Reached skill level 4 in Axes
   150 | D:1      | Reached XP level 2. HP: 27/27 MP: 1/1
   842 | D:3      | Reached XP level 3. HP: 34/34 MP: 2/2
  1244 | D:2      | Reached ** piety under Trog
  1577 | D:3      | Noticed Pargi
  1592 | D:3      | Killed Pargi
  1593 | D:3      | Reached skill level 5 in Fighting
  1593 | D:3      | Reached skill level 5 in Axes
  1593 | D:3      | Reached XP level 4. HP: 28/42 MP: 3/3
  1593 | D:3      | Reached XP level 5. HP: 32/48 MP: 4/4
  1872 | D:3      | Noticed Jessica
  1876 | D:3      | Killed Jessica
  2676 | D:4      | Noticed a black bear
  2686 | D:4      | Killed a black bear
  2687 | D:4      | Reached XP level 6. HP: 56/56 MP: 5/5
  2734 | D:4      | Found a staircase to the Ecumenical Temple.
  2799 | D:4      | Found a white marble altar of Elyvilon.
  3201 | D:5      | Entered Level 5 of the Dungeon
  3269 | D:5      | Reached skill level 1 in Throwing
  3274 | D:5      | Reached skill level 6 in Axes
  3419 | D:5      | Noticed a sky beast
  3430 | D:5      | Killed a sky beast
  3431 | D:5      | Reached skill level 5 in Armour
  3431 | D:5      | Reached skill level 1 in Stealth
  3431 | D:5      | Reached XP level 7. HP: 42/61 MP: 6/6
  3489 | D:5      | Noticed Sigmund
  3498 | D:5      | Killed Sigmund
  3716 | D:6      | Found Wetiomp's General Store.
  3719 | D:6      | Noticed Eustachio
  3838 | D:6      | Reached skill level 7 in Axes
  3849 | D:6      | Killed Eustachio
  3850 | D:6      | Reached XP level 8. HP: 46/70 MP: 7/7
  3906 | D:6      | Found Ygyota's Weapon Shop.
  3924 | D:6      | Identified 4 scrolls of acquirement {acquirement}
  3942 | D:6      | Acquired 1169 gold pieces
  3944 | D:6      | Bought the +8 war axe of Uxzaprie {spect, rPois rN++ Dex-2}
                  | for 993 gold pieces
  4041 | D:6      | Found Hicsephi's Antique Armour Boutique.
  4052 | D:6      | Reached *** piety under Trog
  4138 | D:6      | Found Leclugu's Jewellery Shop.
  4354 | D:7      | Noticed Maggie
  4365 | D:7      | Killed Maggie
  4366 | D:7      | Reached skill level 8 in Axes
  4412 | D:7      | Reached XP level 9. HP: 78/79 MP: 8/8
  4420 | D:7      | Reached skill level 9 in Axes
  4576 | D:7      | Found Sostroc's General Store.
  4646 | D:7      | Found Hobu's Weapon Emporium.
  4734 | D:7      | Gained mutation: You are somewhat resistant to further
                  | mutation. [potion of mutation]
  4734 | D:7      | Gained mutation: Your spells are a little harder to cast,
                  | but a little more powerful. [potion of mutation]
  4880 | D:7      | Found Mijiuple's Assorted Antiques.
  5101 | D:8      | Found a sacrificial altar of Ru.
  5113 | D:8      | Reached skill level 10 in Axes
  5115 | D:8      | Reached **** piety under Trog
  5146 | D:8      | Noticed Pikel
  5153 | D:8      | Killed Pikel
  5154 | D:8      | Reached skill level 11 in Axes
  5154 | D:8      | Reached skill level 10 in Armour
  5154 | D:8      | Reached XP level 10. HP: 62/88 MP: 9/9
  5286 | D:8      | Reached skill level 1 in Long Blades
  5464 | D:8      | Found a shimmering blue altar of Sif Muna.
  5765 | D:8      | Reached skill level 12 in Axes
  6028 | D:9      | Found Yqudeimu's Neck Hole.
  6037 | D:9      | Acquired the +6 battleaxe of the Blowfly {vorpal, +Blink
                  | rF+ Str+6 SInv}
  6374 | D:9      | Bought a scarf of resistance for 512 gold pieces
  6485 | D:10     | Entered Level 10 of the Dungeon
  6542 | D:10     | Reached skill level 5 in Long Blades
  6544 | D:10     | HP: 2/90 [komodo dragon (23)]
  6544 | D:10     | Mangled by a yak

Illustrated notes

Levels and vault maps discovered:
D:1:      minmay_arrival_checkered_box, layout_basic, minmay_pentomino_q2
D:2:      layout_loops_cross
D:3:      layout_loops_corners, serial_bayou, serial_bayou_pond_c,
          serial_bayou_lagoon_b, serial_bayou_pond_c, serial_bayou_pond_e,
          uniq_pargi, uniq_jessica
D:4:      layout_basic, marbit_many_paths, minmay_temple_entry_enclosed_plants,
          hex_intersection
D:5:      layout_rooms, uniq_sigmund
D:6:      layout_rooms, serial_shops, shop, nicolae_diamond_shop,
          nicolae_shop_advertising_works [nicolae_subvault_shop_adworks], shop,
          chequers_serial_rivers_micro_a, uniq_eustachio
D:7:      layout_cave_pools, serial_gnoll_camp, gnoll_camp_mini_shop,
          gnoll_camp_mini_loothouse, gnoll_camp_mini_sergeant,
          gnoll_camp_mini_shop, serial_shops, kennysheep_little_box, uniq_maggie
D:8:      layout_basic, lemuel_round_altar, mainiacjoe_overflow_catwalk,
          uniq_pikel
D:9:      layout_cave_pools, nicolae_shop_sticking_my_neck_out
D:10:     layout_roguey, general_overflow_altar, due_lair_maze_entry_diamond,
          uniq_joseph

Skill      XL: |  1  2  3  4  5  6  7  8  9 10 |
---------------+-------------------------------+-----
Axes           | 4 5 6 7 8 11 12 | 12.5
Fighting       | 4 5 6 7 8 |  8.9
Armour         | 3 4 5 7 8 10 11 | 11.3
Throwing       | 1 2 3 |  3.2
Stealth        | 1 |  1.9
Dodging        | 3 |  3.8
Long Blades    | 5 |  5.0
Evocations     | |  0.2

Action                   |  1- 3 |  4- 6 |  7- 9 | 10-12 || total
-------------------------+-------+-------+-------+-------++-------
Melee: Hand axe          |    59 |    76 |    41 |       ||   176
       Headbutt          |    12 |    15 |    23 |    14 ||    64
       War axe           |       |       |   103 |    56 ||   159
       Battleaxe         |       |       |       |    17 ||    17
Throw: Dart              |     4 |     6 |    14 |       ||    24
       Stone             |       |       |     5 |       ||     5
Invok: Brothers in Arms  |       |       |       |     1 ||     1
Evoke: Wand              |       |       |     1 |       ||     1
  Use: Scroll            |       |     2 |     2 |     2 ||     6
       Potion            |       |     1 |     1 |       ||     2
 Stab: Distracted        |       |       |     1 |       ||     1
Armor: Animal skin       |     6 |       |       |       ||     6
       Leather armour    |     2 |       |       |       ||     2
       Chain mail        |    32 |    34 |   100 |    34 ||   200
Dodge: Dodged            |    26 |    29 |    69 |    32 ||   156

Table legend: (Time is in decaauts)
 A = Elapsed time spent in this place.
 B = Non-inter-level travel time spent in this place.
 C = Inter-level travel time spent in this place.
 D = Time resting spent in this place.
 E = Time spent auto-exploring this place.
 F = Levels seen in this place.
 G = Mean time per level.
                   A        B        C        D        E       F      G
               +--------+--------+--------+--------+--------+-----+--------+
         Total |   6579 |   6223 |    356 |    290 |   4242 |  10 |  657.9 |
       Dungeon |   6579 |   6223 |    356 |    290 |   4242 |  10 |  657.9 |
               +--------+--------+--------+--------+--------+-----+--------+

Top non-repeatable levels by time:
     D:3: 934 daAuts
     D:1: 787 daAuts
     D:8: 781 daAuts
     D:4: 779 daAuts
     D:2: 733 daAuts
     D:7: 675 daAuts
     D:9: 668 daAuts
     D:5: 620 daAuts
     D:6: 539 daAuts
    D:10: 59 daAuts
